 Dungeon Crawl Stone Soup version 0.31.0-11-ge490571c62 (webtiles) character file.

Game seed: 2235188584570374612

42 qw the Shooter (level 3, 0/18 HPs)
             Began as a Spriggan Hunter on Feb 3, 2024.
             Slain by Robin
             ... wielding a +0 dagger
              (2 damage)
             ... on level 2 of the Dungeon.
             The game lasted 00:00:22 (1223 turns).

qw the Shooter (Spriggan Hunter)                    Turns: 1223, Time: 00:00:23

Health: 0/18       AC:  2    Str:  7    XL:     3   Next: 35%
Magic:  4/4        EV: 19    Int: 10    God:
Gold:   24         SH:  0    Dex: 20    Spells: 2/2 levels left

rFire   . . .        a - +0 shortbow
rCold   . . .        (shield currently unavailable)
rNeg    . . .        c - +0 robe
rPois   .            (helmet restricted)
rElec   .            (no cloak)
rCorr   .            (gloves unavailable)
SInv    +            (boots unavailable)
Will    .....        (no amulet)
Stlth   ++           (no ring)
HPRegen 0.23/turn    (no ring)
MPRegen 0.09/turn

%: no passive effects
@: about to teleport, very quick
A: very small, no large weapons, unfitting armour, see invisible, speed 3
a: no special abilities


You were on level 2 of the Dungeon.
You visited 1 branch of the dungeon, and saw 2 of its levels.

You collected 49 gold pieces.
You spent 25 gold pieces at shops.


Innate Abilities, Weirdness & Mutations

You are very small and have problems with some larger weapons.
You are too small for most types of armour.
You have supernaturally acute eyesight. (SInv)
You cover ground extremely quickly. (Speed+++)


   Skills:
 - Level 1.5 Fighting
 + Level 4.6 Ranged Weapons
 - Level 4.0 Dodging
 - Level 1.5 Stealth


You had 2 spell levels left.
You didn't know any spells.
Your spell library was empty.

Inventory:

Hand Weapons
 a - a +0 shortbow (weapon)
Armour
 c - a +0 robe (worn)
Wands
 b - a wand of mindburst (9)
Scrolls
 e - a scroll of fog {unknown}
Potions
 d - a potion of invisibility {unknown}
 g - a potion of haste {unknown}

Dungeon Overview and Level Annotations

Branches:
Dungeon (2/15)

Altars:

Shops:
D:2 *

Annotations:
D:2 Robin


Message History

The arrow hits the goblin.
The goblin is heavily wounded.
The goblin hits you with a +0 dagger. The goblin barely misses you.
The goblin misses you. The goblin hits you but does no damage.
The goblin closely misses you. The goblin hits you but does no damage.
The goblin hits you with a +0 club.
You shoot an arrow. The arrow hits the goblin.
You kill the goblin!
The goblin misses you. The goblin completely misses you.
The goblin barely misses you. The goblin misses you.
You shoot an arrow. The arrow barely misses the goblin.
The arrow hits Robin.
Robin is lightly wounded.
The goblin barely misses you. x2; The goblin closely misses you.
The goblin completely misses you.
You shoot an arrow. The arrow barely misses the goblin.
The arrow hits Robin but does no damage.
Robin is lightly wounded.
The goblin hits you but does no damage. The goblin closely misses you.
The goblin hits you with a +0 dagger. The goblin barely misses you.
You shoot an arrow. The arrow closely misses the goblin.
The arrow hits Robin!
Robin is heavily wounded.
Robin roars a battlecry!
The goblins go into a battle-frenzy!
The goblin barely misses you. The goblin closely misses you.
The goblin hits you but does no damage. The goblin barely misses you.
You shoot an arrow. The arrow hits the goblin!
You kill the goblin!
The goblin barely misses you. The goblin closely misses you.
The goblin misses you.
You shoot an arrow. The arrow closely misses Robin.
Robin barely misses you. The goblin hits you with a +0 dagger.
The goblin completely misses you. The goblin misses you.
Robin hits you with a +0 dagger. The goblin completely misses you.
The goblin closely misses you. The goblin misses you.
1223 ||| READING scroll of teleportation.
As you read the scroll of teleportation, it crumbles to dust.
You feel strangely unstable. Robin hits you with a +0 dagger.
You die...
Robin calls out, "Let's celebrate!
Time for a feast!"

###########
########..........
...............# )
.#######...gg)##....
##...g@g)..#
#######..#####[###
#........# #
###.######.#
###...######.#####.#
....####............
#######.............
###...##.........#
#...#.##.........#


You could see Robin and 3 goblins.

Vanquished Creatures
  2 ribbon worms (D:2)
  A dart slug (D:2)
  A ball python (D:2)
  An endoplasm (D:1)
  10 goblins
  2 hobgoblins (D:2)
  2 quokkas (D:2)
  4 bats
  5 frilled lizards
  2 kobolds
  4 rats
34 creatures vanquished.

Notes
Turn   | Place    | Note
-------+----------+-------------------------------------------
     0 | D:1      | qw the Spriggan Hunter began the quest for the Orb.
     0 | D:1      | Reached XP level 1. HP: 10/10 MP: 2/2
     0 | D:1      | 0 ||| qw: Version: 0.3-a-155-g5e7d8dd
     0 | D:1      | 0 ||| qw: Game counter: 3190
     0 | D:1      | 0 ||| qw: Melee chars always use a shield: true
     0 | D:1      | 0 ||| qw: God list: Okawaru
     0 | D:1      | 0 ||| qw: Allow faded altars: false
     0 | D:1      | 0 ||| qw: Do Orc after clearing Dungeon:15 true
     0 | D:1      | 0 ||| qw: Do second Lair branch before Depths: true
     0 | D:1      | 0 ||| qw: Lair rune preference: random
     0 | D:1      | 0 ||| qw: Goals: Normal
     0 | D:1      | 0 ||| PLANNING D:1-11
    59 | D:1      | Reached skill level 3 in Dodging
   362 | D:1      | Reached XP level 2. HP: 14/14 MP: 3/3
   815 | D:1      | 815 ||| READING 2 scrolls labelled FEANEN XAOGESO.
   815 | D:1      | 815 ||| IDENTIFYING scroll labelled NUZ IDUIFAE
   816 | D:1      | 816 ||| READING scroll of identify.
   816 | D:1      | 816 ||| IDENTIFYING scroll labelled WYMEONT VEOGG
   817 | D:1      | 817 ||| DROPPING scroll of butterflies.
   818 | D:1      | 818 ||| DROPPING scroll of immolation.
  1076 | D:2      | Found Cinlaq's Assorted Antiques.
  1084 | D:2      | 1084 ||| BUYING cyan potion (25 gold).
  1084 | D:2      | Bought a cyan potion for 25 gold pieces
  1084 | D:2      | 1084 ||| SHOPLISTING glass wand (112 gold, have 18).
  1084 | D:2      | 1084 ||| SHOPLISTING lumpy coppery potion (25 gold, have
                  | 18).
  1084 | D:2      | 1084 ||| SHOPLISTING orcbow (98 gold, have 18).
  1084 | D:2      | 1084 ||| SHOPLISTING pink potion (25 gold, have 18).
  1093 | D:2      | Reached XP level 3. HP: 18/18 MP: 4/4
  1209 | D:2      | Noticed Robin
  1222 | D:2      | HP: 4/18 [goblin/+0 dagger[Robin] (2)]
  1223 | D:2      | 1223 ||| READING scroll of teleportation.
  1223 | D:2      | Slain by Robin

Levels and vault maps discovered:
D:1:      lightli_arrival_maybe_door_vault, layout_basic
D:2:      layout_rooms, serial_shops, shop, minivault_4, uniq_robin

Skill      XL: |  1  2 |
---------------+-------+-----
Dodging        | 3 4 |  4.0
Fighting       | |  1.5
Ranged Weapons | |  4.6
Stealth        | |  1.5

Action                     || total
---------------------------++-------
   Fire: Shortbow          ||   113
    Use: Scroll            ||     3
 Armour: Robe              ||    23
  Dodge: Dodged            ||    54

Table legend:
 A = Non-vault XP
 B = Vault XP
 C = Vault XP percentage of total XP
 D = Non-vault monster count
 E = Vault monster count
 F = Vault count percentage of total count
                 A         B        C        D         E       F
            +---------+---------+-------+---------+---------+-------
      Total |      48 |      13 |  21.3 |      27 |       7 |  20.6
            +---------+---------+-------+---------+---------+-------
        D:1 |      17 |       0 |   0.0 |      13 |       0 |   0.0
        D:2 |      31 |      13 |  29.5 |      14 |       7 |  33.3
            +---------+---------+-------+---------+---------+-------
